 Dungeon Crawl Stone Soup version 0.30.0-18-gc0e69614cb (webtiles) character file.

Game seed: 3495018643069936040

96 buriedalive the Chiller (level 4, -1/24 HPs)
             Began as a Deep Elf Ice Elementalist on May 25, 2023.
             Slain by Sigmund
             ... wielding a +1 scythe of freezing
              (4 damage)
             ... on level 4 of the Dungeon.
             The game lasted 00:05:32 (2016 turns).

buriedalive the Chiller (Deep Elf Ice Elementalist) Turns: 2016, Time: 00:05:32

Health: -1/24      AC:  3    Str:  5    XL:     4   Next: 41%
Magic:  12/12      EV: 13    Int: 22    God:
Gold:   123        SH:  0    Dex: 15    Spells: 10/11 levels left

rFire   . . .        d - staff of cold
rCold   + . .        (no shield)
rNeg    . . .        j - +0 robe
rPois   .            (no helmet)
rElec   .            (no cloak)
rCorr   .            m - +0 pair of gloves
SInv    .            (no boots)
Will    .....        (no amulet)
Stlth   ++           (no ring)
HPRegen 0.24/turn    (no ring)
MPRegen 0.13/turn

%: no passive effects
@: mighty, weak-willed
A: no striking features
a: no special abilities


You were on level 4 of the Dungeon.
You visited 1 branch of the dungeon, and saw 3 of its levels.

You collected 123 gold pieces.

Inventory:

Hand Weapons
 b - a +0 dagger of venom
 e - a +0 whip
 f - a +0 dagger
Missiles
 c - 38 stones
 i - 8 poisoned darts
Armour
 j - a +0 robe (worn)
 m - a +0 pair of gloves (worn)
Magical Staves
 d - a staff of cold (weapon)
 p - a staff of conjuration
Scrolls
 l - a scroll of identify {unknown}
 n - a scroll of blinking {unknown}
Potions
 a - a potion of magic
 k - a potion of brilliance {unknown}
 o - a potion of haste {unknown}


   Skills:
 + Level 3.8 Dodging
 - Level 2.4 Stealth
 + Level 4.4 Spellcasting
 + Level 5.1 Ice Magic


You had 10 spell levels left.
You knew the following spells:

 Your Spells              Type           Power      Damage    Failure   Level
a - Freeze                Ice            100%       1d10      1%          1

Your spell library contained the following spells:

 Spells                   Type           Power      Damage    Failure   Level
 Frozen Ramparts          Ice            82%        1d13      3%          3
 Ozocubu's Armour         Ice            41%        N/A       3%          3
 Summon Ice Beast         Ice/Summ       24%        N/A       36%         4


Dungeon Overview and Level Annotations

Branches:
Dungeon (2/15)

Altars:

Annotations:
D:4 Edmund, Sigmund


Message History

Confirm with . or Enter, or press ? or * to list all spells.
Aiming: Freeze (safe; 1% risk of failure)
Press: ? - help, Shift-Dir - straight line, f - giant cockroach
Aim: a giant cockroach (moderately wounded)
You feel a surge of power!
You freeze the giant cockroach!
You kill the giant cockroach!
Unknown command.
Found a scroll labelled VESEHA MUHY.
No target in view!
No target in view!
No target in view!
Sigmund the Dreaded comes into view.
He is wielding a +1 scythe of freezing.
Found a stone staircase leading up.
You hear the slow rusting of a very distant drain.
Sigmund mumbles some strange words.
Sigmund flickers and vanishes!
Deactivating autopickup; reactivate with Ctrl-A.
Edmund the Younger comes into view.
He is wielding a +3 flail of protection.
You are confused.
Edmund shouts!
You bump into the rock wall.
You're too confused to move!
Edmund grinds his teeth, and then sighs.
You bump into the rock wall.
You feel less confused.
A phantom comes into view.
Something hits you.
The phantom moves out of view.
Something hits you! Something freezes you.
As you read the scroll labelled LISAEXZ WOHAMN, it crumbles to dust.
Magic quickly surges around you.
It was a scroll of vulnerability.
Edmund gestures with his flail.
Edmund attacks as you move away!
Edmund hits you with a +3 flail of protection!
* * * LOW HITPOINT WARNING * * *
Edmund says, "A flail is better than a scythe, any day of the week!"
Okay, then.
It was a potion of might.
You feel very mighty all of a sudden. Something hits you.
You die...

....? ...# .... ...#
#..# #.<# #..# #..## .#
#.## #...#..#
#..###......#
#........{..#
#..#######....#####...#
#......@@....## .
#..###....#..##
###..#...# #..##..#
#..##..### #.(
##.#.....##..
#..........
##.........#
####.....###.##


You could see Edmund (weak-willed).

Vanquished Creatures
  2 adders (D:2)
  3 gnolls
  A worm (D:4)
  A dart slug (D:1)
  3 ball pythons
  4 bats
  4 endoplasms
  2 giant cockroaches
  4 hobgoblins
  7 kobolds
  A quokka (D:1)
  3 frilled lizards
  6 goblins
  3 rats
44 creatures vanquished.

Notes
Turn   | Place    | Note
-------+----------+-------------------------------------------
     0 | D:1      | buriedalive the Deep Elf Ice Elementalist began the quest
                  | for the Orb.
     0 | D:1      | Reached XP level 1. HP: 10/10 MP: 6/6
   432 | D:1      | Reached XP level 2. HP: 15/15 MP: 6/8
   928 | D:1      | Identified a scroll of acquirement
   928 | D:1      | Acquired a staff of cold
  1083 | D:2      | Reached XP level 3. HP: 15/19 MP: 8/10
  1387 | D:2      | Reached skill level 5 in Ice Magic
  1418 | D:2      | Reached XP level 4. HP: 24/24 MP: 8/12
  1898 | D:2      | You fall into a shaft and drop 2 floors!
  1914 | D:4      | Identified the -1 pair of boots of Toarrupn {rCorr Stlth+}
  1996 | D:4      | Noticed Sigmund
  2003 | D:4      | Noticed Edmund
  2010 | D:4      | Noticed a phantom
  2016 | D:4      | Slain by Sigmund

Illustrated notes

Levels and vault maps discovered:
D:1:      dpeg_arrival_pits, layout_loops_ring
D:2:      layout_basic, serial_bayou_lagoon_a
D:4:      layout_layer_cave, minitemple, gup_sewer_entry_bowl, uniq_sigmund,
          uniq_edmund

Skill      XL: |  1  2  3 |
---------------+----------+-----
Dodging        | 3 |  3.8
Spellcasting   | 4 |  4.4
Ice Magic      | 5 |  5.1
Stealth        | |  2.4

Action                     |  1- 3 |  4- 6 || total
---------------------------+-------+-------++-------
  Melee: Unarmed           |     5 |       ||     5
         Dagger            |    15 |       ||    15
         Staff             |     7 |     6 ||    13
         Punch             |     1 |       ||     1
   Cast: Freeze            |    37 |    18 ||    55
    Use: Scroll            |     1 |     1 ||     2
         Potion            |       |     1 ||     1
   Stab: Sleeping          |     2 |       ||     2
 Armour: Robe              |    17 |     7 ||    24
  Dodge: Dodged            |    26 |    22 ||    48
